 Dungeon Crawl Stone Soup version 0.31-b1-17-gcfd88c8481 (webtiles) character file.

Game seed: 8788424657385003458

8530 groovy9 the Devastator (level 11, -11/54 HPs)
             Began as a Deep Elf Conjurer on Jan 15, 2024.
             Mangled by a hornet (13 damage)
             ... while paralysed by a hornet
             ... on level 9 of the Dungeon.
             The game lasted 00:30:51 (8644 turns).

groovy9 the Devastator (Deep Elf Conjurer)          Turns: 8644, Time: 00:30:51

Health: -11/54     AC:  5    Str:  7    XL:     11   Next: 11%
Magic:  29/30      EV:  2    Int: 34    God:
Gold:   575        SH:  0    Dex: 13    Spells: 25/36 levels left

rFire   + + .        i - staff of fire
rCold   + . .        (no shield)
rNeg    + . .        m - +1 robe {rC+ rF+}
rPois   .            D - +0 helmet
rElec   .            (no cloak)
rCorr   .            g - +0 pair of gloves
SInv    .            (no boots)
Will    +....        c - amulet of magic regeneration
Stlth   ++           E - +6 ring of intelligence
HPRegen 0.29/turn    w - ring "Webeargh" {rN+ Str+3}
MPRegen 0.62/turn

%: no passive effects
@: paralysed, lethally poisoned (-11 -> -18), slowed
A: no striking features
a: no special abilities


You were on level 9 of the Dungeon.
You visited 2 branches of the dungeon, and saw 10 of its levels.

You collected 575 gold pieces.

Inventory:

Missiles
 A - 5 throwing nets
Armour
 g - a +0 pair of gloves (worn)
 m - a +1 robe of resistance (worn)
 D - a +0 helmet (worn)
Magical Staves
 i - a staff of fire (weapon)
Jewellery
 c - an amulet of magic regeneration (around neck)
 w - the ring "Webeargh" (right hand) {rN+ Str+3}
   (You took it off an orc on level 8 of the Dungeon)

   [ring of positive energy]

   Str+3:     It affects your strength (+3).
   rN+:       It protects you from negative energy.
 E - a +6 ring of intelligence (left hand)
 J - a +6 ring of dexterity
Wands
 C - a wand of paralysis (9)
Scrolls
 a - a scroll of blinking
 e - 6 scrolls of noise
 f - 3 scrolls of enchant armour
 k - 9 scrolls of teleportation
 l - a scroll of fog {unknown}
 s - a scroll of torment {unknown}
 u - a scroll of immolation {unknown}
 v - 2 scrolls of poison
 y - 4 scrolls of fear
 F - a scroll of revelation {unknown}
 H - a scroll of acquirement {unknown}
Potions
 b - 2 potions of magic
 d - a potion of resistance
 h - 3 potions of invisibility
 j - a potion of cancellation
 n - 2 potions of enlightenment
 o - 3 potions of mutation
 p - a potion of degeneration {unknown}
 q - 2 potions of heal wounds
 r - a potion of curing
 t - 2 potions of ambrosia {unknown}
 x - 2 potions of might
 z - a potion of attraction {unknown}
 B - 3 potions of haste {unknown}
 G - 2 potions of brilliance {unknown}
 I - 2 potions of berserk rage {unknown}


   Skills:
 - Level 2.4 Dodging
 - Level 2.4 Stealth
 + Level 13.3 Spellcasting
 * Level 15.7 Conjurations


You had 25 spell levels left.
You knew the following spells:

 Your Spells              Type           Power      Damage    Failure   Level
a - Magic Dart            Conj           100%       1d8       0%          1
b - Searing Ray           Conj           100%       2d8       0%          2
c - Fulminant Prism       Conj/Alch      33%        3d15      1%          4
d - Iskenderun's Mystic   Conj/Tloc      66%        2d14      1%          4

Your spell library contained the following spells:

 Spells                   Type           Power      Damage    Failure   Level
 Foxfire                  Conj/Fire      100%       2x1d9     1%          1
 Shock                    Conj/Air       100%       1d9       1%          1
 Swiftness                Air            22%        N/A       5%          3
 Tukima's Dance           Hex            22%        N/A       5%          3
 Starburst                Conj/Fire      42%        6d12      12%         6
 Airstrike                Air            11%        2d(2-18)  19%         4
 Anguish                  Hex/Necr       11%        N/A       19%         4
 Cause Fear               Hex            11%        N/A       19%         4
 Dimensional Bullseye     Hex/Tloc       11%        N/A       19%         4
 Plasma Beam              Fire/Air       17%        2x1d28    96%         6
 Enfeeble                 Hex            11%        N/A       100%        7


Dungeon Overview and Level Annotations

Branches:
Dungeon (9/15)             Temple (1/1) D:6            Lair (0/5) D:8
    Orc: D:9-12

Altars:
Ashenzari
Cheibriados
Dithmenos
Elyvilon
Fedhas
Gozag
Kikubaaqudgha
Makhleb
Nemelex Xobeh
Okawaru
Qazlal
Ru
Sif Muna
Trog
Uskayaw
Wu Jian
Xom
Yredelemnul
Zin
The Shining One


Message History

You see here a killer bee corpse.
You now have 575 gold pieces (gained 12).
You open the door.
There is an open door here.
You open the door.
There is an open door here.
You open the door.
There is an open door here.
You open the door.
A hornet comes into view.
Casting: Searing Ray (safe; 0% risk of failure)
Confirm with . or Enter, or press ? or * to list all spells.
Aiming: Searing Ray (safe; 0% risk of failure)
Press: ? - help, Shift-Dir - straight line, f - hornet
Aim: a hornet (asleep, 100% to hit)
The searing ray hits the hornet!
The hornet is moderately wounded.
The hornet buzzes angrily. (Press . to maintain the ray.)
The searing ray hits the hornet!
The hornet is almost dead.
The hornet stings you!
You feel yourself slow down.
The searing ray misses the hornet.
You feel yourself speed up. The hornet stings you!
You are poisoned.
You feel yourself slow down. The hornet closely misses you.
The searing ray hits the hornet.
The hornet is almost dead.
You finish channelling your searing ray.
You feel very sick. The hornet stings you!
* * * LOW HITPOINT WARNING * * *
You feel as though you will be slow longer.
The hornet stings you!
* * * LOW HITPOINT WARNING * * *
You suddenly lose the ability to move!
* * * LOW HITPOINT WARNING * * *
You feel sick. The hornet stings you!
You die...

##'#########
≈≈≈≈#≈#.#≈###
#......###
#######.#####
######...###
.. #......
###...#
######.
#######'## #.
.........# #.
########.# #.
#(....#### #.
#.###.'.@# #.
#.##.y......
+.
######......
#. ...... #.
##### ##


You could see a hornet.

Vanquished Creatures
  Harold (D:9)
  The ghost of tab the Mimic, a novice DgSh (D:8)
  The ghost of monsoonserge the Magician, a novice GnAE of Vehumet (D:7)
  Grinder (D:6)
  A hornet (D:8)
  Prince Ribbit (D:5)
  Sigmund (D:3)
  2 wyverns (D:9)
  11 yaks (D:8)
  3 vampire mosquitoes (D:9)
  Edmund (D:5)
  An acid dragon (D:8)
  2 water moccasins (D:6)
  3 orc warriors
  7 ice beasts
  3 black bears
  2 sky beasts (D:7)
  A centaur (D:8)
  6 bullfrogs
  A scorpion (D:4)
  A scorpion (shapeshifter) (D:8)
  4 wights (D:7)
  12 killer bees
  3 howler monkeys (D:7)
  A hound (D:5)
  3 jellies (D:6)
  8 orc priests
  A gnoll bouda (D:8)
  Jessica (D:3)
  2 iguanas (D:6)
  4 orc wizards
  A centaur simulacrum (D:7)
  6 adders
  4 white imps
  2 howler monkey simulacra (D:7)
  2 ufetubi (D:3)
  3 dart slugs
  A ribbon worm (D:3)
  12 orcs
  4 endoplasms
  A giant cockroach (D:2)
  7 goblins
  6 hobgoblins
  3 jackals (D:2)
  5 kobolds
  5 quokkas
  6 ball pythons
  2 bats (D:1)
  A frilled lizard (D:1)
  4 rats
165 creatures vanquished.

Vanquished Creatures (others)
  18 fulminant prisms
18 creatures vanquished.

Grand Total: 183 creatures vanquished

Notes
Turn   | Place    | Note
-------+----------+-------------------------------------------
     0 | D:1      | groovy9 the Deep Elf Conjurer began the quest for the Orb.
     0 | D:1      | Reached XP level 1. HP: 10/10 MP: 6/6
   387 | D:1      | Reached XP level 2. HP: 15/15 MP: 2/8
  1017 | D:2      | Reached skill level 5 in Conjurations
  1420 | D:2      | Reached XP level 3. HP: 19/19 MP: 7/10
  1423 | D:2      | Learned a level 2 spell: Searing Ray
  1883 | D:3      | Noticed Jessica
  1885 | D:3      | Killed Jessica
  1953 | D:3      | Reached XP level 4. HP: 24/24 MP: 6/12
  2073 | D:3      | Identified the +6 long sword of Gluttony {protect, rN+
                  | Int+3}
  2207 | D:3      | Noticed Sigmund
  2212 | D:3      | Killed Sigmund
  2213 | D:3      | Reached skill level 5 in Spellcasting
  2213 | D:3      | Reached skill level 6 in Conjurations
  2213 | D:3      | Reached XP level 5. HP: 19/28 MP: 5/14
  2516 | D:3      | Found a blossoming altar of Fedhas.
  3071 | D:3      | Found a faded altar of an unknown god.
  3194 | D:4      | Reached skill level 7 in Conjurations
  3194 | D:4      | Reached XP level 6. HP: 30/32 MP: 5/16
  4150 | D:4      | Found a shimmering blue altar of Sif Muna.
  4178 | D:5      | Entered Level 5 of the Dungeon
  4310 | D:5      | Noticed Edmund
  4324 | D:5      | Killed Edmund
  4325 | D:5      | Reached skill level 8 in Conjurations
  4325 | D:5      | Reached XP level 7. HP: 30/36 MP: 2/18
  4473 | D:5      | Found a broken altar of Ashenzari.
  4477 | D:5      | Noticed Prince Ribbit
  4547 | D:5      | Killed Prince Ribbit
  4548 | D:5      | Reached skill level 9 in Conjurations
  4650 | D:5      | Found a glowing silver altar of Zin.
  4832 | D:5      | Noticed an air elemental
  4834 | D:5      | Found a stormy altar of Qazlal.
  4836 | D:5      | Noticed a water elemental
  4836 | D:5      | Noticed a fire elemental
  5055 | D:6      | Reached XP level 8. HP: 41/41 MP: 15/21
  5240 | D:6      | Reached skill level 10 in Conjurations
  5274 | D:6      | Noticed Grinder
  5282 | D:6      | Killed Grinder
  5799 | D:6      | Reached skill level 11 in Conjurations
  5870 | D:6      | Found a staircase to the Ecumenical Temple.
  5879 | Temple   | Entered the Ecumenical Temple
  6156 | D:7      | Found a runed translucent gate.
  6156 | D:7      | Found a runed translucent gate.
  6156 | D:7      | Found a runed translucent gate.
  6162 | D:7      | Learned a level 4 spell: Fulminant Prism
  6167 | D:7      | Learned a level 4 spell: Iskenderun's Mystic Blast
  6235 | D:7      | Reached XP level 9. HP: 42/45 MP: 18/24
  6577 | D:7      | Found an ancient bone altar of Kikubaaqudgha.
  6591 | D:7      | Found a shimmering altar of Xom.
  6598 | D:7      | Reached skill level 10 in Spellcasting
  6601 | D:7      | Reached skill level 12 in Conjurations
  6640 | D:7      | Noticed monsoonserge's ghost (novice GnAE)
  6732 | D:7      | Found an ornate altar of the Wu Jian Council.
  7076 | D:7      | Killed monsoonserge's ghost
  7077 | D:7      | Reached skill level 13 in Conjurations
  7234 | D:8      | Identified the +7 short sword of Ziof {flame, Str+2 Dex+3}
  7283 | D:8      | Reached XP level 10. HP: 50/50 MP: 24/27
  7437 | D:8      | Identified the ring "Webeargh" {rN+ Str+3}
  7451 | D:8      | Reached skill level 14 in Conjurations
  7679 | D:8      | Noticed tab's ghost (novice DgSh)
  7694 | D:8      | Found a transporter.
  7722 | D:8      | Found a transporter.
  7844 | D:8      | Found a staircase to the Lair.
  7865 | D:8      | a jumping spider changed into a black mamba
  7865 | D:8      | Noticed a black mamba (shapeshifter)
  7866 | D:8      | a black mamba changed into a scorpion
  8129 | D:8      | Killed tab's ghost
  8130 | D:8      | Reached skill level 15 in Conjurations
  8407 | D:9      | Noticed Harold
  8413 | D:9      | Killed Harold
  8414 | D:9      | Reached XP level 11. HP: 54/54 MP: 9/30
  8643 | D:9      | Paralysed by a hornet for 3 turns
  8644 | D:9      | HP: 2/54 [poisoned by a hornet]
  8644 | D:9      | Mangled by a hornet

Illustrated notes

Levels and vault maps discovered:
D:1:      beargit_arrival_greenhouse, layout_basic
D:2:      layout_loops_corners
D:3:      layout_basic, fedhas_altar_3, shapermc_ecumenical_altar_petra,
          minmay_misc_feat_room, uniq_jessica, uniq_sigmund
D:4:      layout_basic, lemuel_blue_sif_altar, corner_web_ring,
          nicolae_kite_square_tiling_tiny, serial_park_tiny_1,
          hangedman_abyss_or_decor_passed, minmay_cupped
D:5:      layout_cave_pools, zin_academy, nicolae_qazlal_style_of_elements,
          cheibrodos_ashenzari_chains, uniq_edmund, uniq_prince_ribbit1
D:6:      layout_gridville, minmay_temple_entry_mist, uniq_grinder
D:7:      layout_rooms, xom_teletrap_fun, mainiacjoe_overflow_small_starburst,
          kiku_gazebo_garden_becter, gammafunk_ghost_icy
D:8:      layout_cave_pools, lair_entry_dummy, nzn_ghost_randoct
D:9:      layout_roguey, beargit_hepliaklqana_dungeon_heroes, serial_aquarium,
          aquarium_bridge_long_joined [aquarium_subvault_bridge,
          aquarium_subvault_wall, aquarium_subvault_bridge,
          aquarium_subvault_bridge, aquarium_subvault_window,
          aquarium_subvault_window], aquarium_bridge_square
          [aquarium_subvault_bridge, aquarium_subvault_window,
          aquarium_subvault_wall, aquarium_subvault_bridge], aquarium_window_1,
          aquarium_window_corridor_3, aquarium_view_2a, aquarium_pool_five,
          minmay_misc_feat_enclosed, uniq_amaemon, uniq_harold
Temple:   hellmonk_temple_two_chambers

Skill      XL: |  1  2  3  4  5  6  7  8  9 10 |
---------------+-------------------------------+-----
Conjurations   | 5 6 7 8 9 11 13 15 | 15.7
Spellcasting   | 4 5 6 7 9 11 13 | 13.3
Dodging        | |  2.4
Stealth        | |  2.4

Action                     |  1- 3 |  4- 6 |  7- 9 | 10-12 || total
---------------------------+-------+-------+-------+-------++-------
   Cast: Magic Dart        |    47 |    65 |    64 |    16 ||   192
         Searing Ray       |     2 |    21 |    38 |    17 ||    78
         Iskenderun's Myst |       |       |     8 |    43 ||    51
         Fulminant Prism   |       |       |     7 |    11 ||    18
    Use: Scroll            |       |    10 |     2 |     1 ||    13
         Potion            |       |     1 |     3 |       ||     4
 Armour: Robe              |     6 |    10 |    43 |    20 ||    79
  Dodge: Dodged            |     4 |    17 |    43 |     9 ||    73
